 Dungeon Crawl Stone Soup version 0.29-a0-418-gc0181ea820 (webtiles) character file.

Game seed: 7848513335867401758

65 OTABOTABOTAB the Conjurer (level 3, 0/19 HPs)
             Began as a Deep Elf Conjurer on May 17, 2022.
             Succumbed to a scorpion's poison
             ... on level 4 of the Dungeon.
             The game lasted 00:01:46 (2722 turns).

OTABOTABOTAB the Conjurer (Deep Elf Conjurer)       Turns: 2722, Time: 00:01:47

Health: 0/19       AC:  3    Str:  4    XL:     3   Next: 92%
Magic:  1/10       EV: 12    Int: 24    God:
Gold:   156        SH:  0    Dex: 13    Spells: 7/10 levels left

rFire   . . .      SeeInvis .   c - +0 whip
rCold   . . .      Faith    .   (no shield)
rNeg    . . .      Spirit   .   a - +0 robe
rPois   .          Reflect  .   (no helmet)
rElec   .          Harm     .   (no cloak)
rCorr   .          Rampage  .   (no gloves)
Will    .....                   h - +0 pair of boots
Stlth   ++........              (no amulet)
HPRegen 0.06/turn               (no ring)
MPRegen 0.12/turn               (no ring)

@: lethally poisoned (0 -> -9)
A: no striking features
a: no special abilities


You were on level 4 of the Dungeon.
You visited 1 branch of the dungeon, and saw 4 of its levels.

You collected 156 gold pieces.

Inventory:

Hand Weapons
 c - a +0 whip (weapon)
   (You took it off a kobold on level 1 of the Dungeon)
Missiles
 g - 6 poisoned darts
 k - 5 javelins
 s - 26 stones
Armour
 a - a +0 robe (worn)
 h - a +0 pair of boots (worn)
   (You found it on level 1 of the Dungeon)
Wands
 p - a wand of paralysis (10)
   (You found it on level 2 of the Dungeon)
Scrolls
 b - 7 scrolls of identify {unknown}
 d - a scroll of summoning {unknown}
 i - a scroll of fog {unknown}
 n - 2 scrolls of teleportation {unknown}
 o - a scroll of enchant armour {unknown}
Potions
 e - a potion of haste {unknown}
 f - 3 potions of curing {unknown}
 j - 2 potions of degeneration {unknown}
 l - a potion of resistance {unknown}
 m - 2 potions of lignification {unknown}
 q - 2 potions of brilliance {unknown}
 r - a potion of cancellation {unknown}
 M - a potion of magic


   Skills:
 - Level 2.4 Dodging
 - Level 2.4 Stealth
 + Level 4.1 Spellcasting
 * Level 5.6 Conjurations


You had 7 spell levels left.
You knew the following spells:

 Your Spells              Type           Power      Damage    Failure   Level
a - Magic Dart            Conj           100%       1d8       1%          1
b - Searing Ray           Conj           62%        2d6       1%          2

Your spell library contained the following spells:

 Spells                   Type           Power      Damage    Failure   Level
 Dazzling Flash           Conj/Hex       36%        N/A       9%          3
 Fulminant Prism          Conj/Hex       9%         3d7       30%         4
 Iskenderun's Mystic Bla  Conj/Tloc      18%        2d6       30%         4


Dungeon Overview and Level Annotations

Branches:
Dungeon (4/15)
 Temple: D:4-7

Altars:
Hepliaklqana


Message History

A frilled lizard comes into view.
A rat comes into view.
The magic dart hits the bat.
The frilled lizard hisses angrily.
A kobold comes into view. It is wielding a +0 short sword.
The bat closely misses you.
You now have 9/10 mp.
Aim: a bat (heavily wounded, 100% to hit)
The magic dart hits the bat.
You kill the bat!
You now have 8/10 mp.
Aim: a kobold, wielding a +0 short sword (100% to hit)
The magic dart hits the kobold.
You kill the kobold!
You now have 7/10 mp.
Aim: a frilled lizard (100% to hit)
The magic dart hits the frilled lizard.
You now have 6/10 mp.
Aim: a frilled lizard (100% to hit)
The magic dart hits the frilled lizard.
You kill the frilled lizard!
You now have 5/10 mp.
Aim: a rat (100% to hit)
The magic dart hits the rat.
You kill the rat!
You now have 4/10 mp.
Aim: a frilled lizard (100% to hit)
The magic dart hits the frilled lizard!
You kill the frilled lizard!
You now have 3/10 mp.
That beam is likely to hit you.
Continue anyway? [Y]es or [N]o only, please.
That beam is likely to hit you.
Continue anyway?
Okay, then.
Unknown command.
Things that are here:
a +0 short sword; a kobold corpse; MP restored: 10
q - 2 metallic red potions (gained 1)
Things that are here:
a +0 short sword; a kobold corpse A bat comes into view.
A bat is nearby!
A bat is nearby!
A bat is nearby!
A bat is nearby!
The magic dart hits the bat.
You kill the bat!
You now have 9/10 mp.
No target in view!
No target in view!
Done exploring.
MP restored: 10 Done exploring.
Done exploring.
Done exploring.
Search for what [? for help]? ego Unknown command.
Done exploring.
Done exploring.
Done exploring.
(D) Dungeon
Where to? (Enter - D:3, ? - help)
There is a stone staircase leading down here.
You climb downwards.
You hear the hiss of flowing sand.
There is an entrance to an ossuary on this level.
Hurry and find it before the portal is buried!
You hear the sound of rushing water.
There is an entrance to a sewer on this level.
Hurry and find it before the portal rusts away!
There is a stone staircase leading up here.
Aim: a scorpion (79% to hit)
The searing ray hits the scorpion. (Press . to maintain the ray.)
You now have 8/10 mp.
The searing ray hits the scorpion.
You now have 7/10 mp.
The searing ray hits the scorpion.
You now have 6/10 mp.
The searing ray hits the scorpion.
You finish channelling your searing ray.
The scorpion stings you.
You are lethally poisoned!
The scorpion poisons you!
You take 6 damage, and have 13/19 hp.
MASSIVE DAMAGE!!
You now have 5/10 mp.
Aim: a scorpion (severely wounded, 79% to hit)
The searing ray misses the scorpion. (Press . to maintain the ray.)
You feel very sick. The scorpion barely misses you. The scorpion stings you.
* * * LOW HITPOINT WARNING * * *
You take 9 damage, and have 4/19 hp.
MASSIVE DAMAGE!!
You now have 3/10 mp.
The searing ray hits the scorpion.
* * * LOW HITPOINT WARNING * * *
You feel sick.
The scorpion stings you but does no damage.
You take 2 damage, and have 2/19 hp.
You now have 2/10 mp.
The searing ray misses the scorpion.
You die...

.. ...... ...
...... ....
......
...#####......
#..........
#........
#.....s#
#....@.#
#......#
#...#..#
#..###.. #..#
#.. ...# #..
..# #.. .# #.+


You could see a scorpion.

Vanquished Creatures
  3 adders
  4 bats
  6 endoplasms
  A giant cockroach (D:1)
  2 goblins
  2 hobgoblins (D:3)
  2 jackals (D:1)
  6 kobolds
  A quokka (D:1)
  2 ball pythons (D:1)
  6 frilled lizards
  A rat (D:3)
36 creatures vanquished.

Notes
Turn   | Place    | Note
-------+----------+-------------------------------------------
     0 | D:1      | OTABOTABOTAB the Deep Elf Conjurer began the quest for the
                  | Orb.
     0 | D:1      | Reached XP level 1. HP: 10/10 MP: 6/6
   183 | D:1      | Found a faded altar of an unknown god.
   346 | D:1      | Reached XP level 2. HP: 15/15 MP: 6/8
   349 | D:1      | Learned a level 2 spell: Searing Ray
  1028 | D:2      | Reached skill level 5 in Conjurations
  1321 | D:2      | Reached XP level 3. HP: 19/19 MP: 2/10
  2085 | D:3      | Found a hazy altar of Hepliaklqana.
  2158 | D:3      | Reached skill level 4 in Spellcasting
  2715 | D:4      | Noticed a scorpion
  2720 | D:4      | HP: 4/19 [scorpion (5)]
  2722 | D:4      | Succumbed to a scorpion's poison

Illustrated notes

Levels and vault maps discovered:
D:1:      grunt_arrival_lava_bath, layout_basic,
          shapermc_ecumenical_altar_mp_highgroup
D:2:      layout_loops_cross, serial_aquarium, aquarium_bridge_long_joined
          [aquarium_subvault_window, aquarium_subvault_wall,
          aquarium_subvault_wall, aquarium_subvault_wall,
          aquarium_subvault_bridge, aquarium_subvault_wall], aquarium_window_3,
          aquarium_window_double, aquarium_window_1, aquarium_view_2d,
          aquarium_balcony_5b, chequers_serial_rivers_small_3
D:3:      minmay_diamond_boxcup, layout_rooms, mainiacjoe_overflow_alcove_1,
          minmay_close_crescents
D:4:      layout_gridville, gup_ossuary_entry_pyramid,
          lightli_sewer_entry_pipes, uniq_duvessa, uniq_grinder

Skill      XL: |  1  2  3 |
---------------+----------+-----
Conjurations   | 5 |  5.6
Spellcasting   | 4 |  4.1
Dodging        | |  2.4
Stealth        | |  2.4

Action                   || total
-------------------------++-------
Melee: Whip              ||    11
 Cast: Magic Dart        ||    58
       Searing Ray       ||     4
 Stab: Sleeping          ||     1
Armor: Robe              ||     5
Dodge: Dodged            ||    16

Table legend: (Time is in decaauts)
 A = Elapsed time spent in this place.
 B = Non-inter-level travel time spent in this place.
 C = Inter-level travel time spent in this place.
 D = Time resting spent in this place.
 E = Time spent auto-exploring this place.
 F = Levels seen in this place.
 G = Mean time per level.
                   A        B        C        D        E       F      G
               +--------+--------+--------+--------+--------+-----+--------+
         Total |   2726 |   2595 |    131 |      0 |   2430 |   4 |  681.5 |
       Dungeon |   2726 |   2595 |    131 |      0 |   2430 |   4 |  681.5 |
               +--------+--------+--------+--------+--------+-----+--------+

Top non-repeatable levels by time:
     D:1: 985 daAuts
     D:2: 956 daAuts
     D:3: 777 daAuts
     D:4: 6 daAuts

Table legend:
 A = Kills in this place as a percentage of kills in entire the game.
 B = Kills by you in this place as a percentage of kills by you in the entire game.
 C = Kills by friends in this place as a percentage of kills by friends in the entire game.
 D = Other kills in this place as a percentage of other kills in the entire game.
 E = Experience gained in this place as a percentage of experience gained in the entire game.
 F = Experience gained in this place divided by the number of levels of this place that you have seen.
                   A       B       C       D       E      F
               +-------+-------+-------+-------+-------+----------------------
         Total | 100.0 | 100.0 |   N/A |   N/A | 100.0 |  23.2
       Dungeon | 100.0 | 100.0 |   N/A |   N/A | 100.0 |  23.2
               +-------+-------+-------+-------+-------+----------------------
